 Dungeon Crawl Stone Soup version 0.22-a0-596-gfbd32a6 (webtiles) character file.

113 Lianjan the Magician (level 4, -1/24 HPs)
             Began as a Deep Elf Fire Elementalist on July 6, 2018.
             Slain by Natasha (8 damage)
             ... on level 2 of the Dungeon.
             The game lasted 00:03:03 (1563 turns).

Lianjan the Magician (Deep Elf Fire Elementalist)   Turns: 1563, Time: 00:03:03

Health: -1/24      AC:  4    Str:  6    XL:     4   Next: 65%
Magic:  7/12       EV: 13    Int: 20    God:
Gold:   59         SH:  0    Dex: 15    Spells: 5/12 levels left

rFire    . . .     SeeInvis .   j - +0 whip (drain)
rCold    . . .     Gourm    .   (no shield)
rNeg     . . .     Faith    .   a - +0 robe
rPois    .         Spirit   .   o - +0 helmet
rElec    .         Reflect  .   (no cloak)
rCorr    .         Harm     .   f - +0 pair of gloves
MR       .....                  (no boots)
Stlth    ++........             (no amulet)
HPRegen  0.08/turn              (no ring)
MPRegen  0.13/turn              (no ring)

@: no status effects
A: no striking features
a: no special abilities


You were on level 2 of the Dungeon.
You were hungry.

You visited 1 branch of the dungeon, and saw 2 of its levels.

You collected 59 gold pieces.

Inventory:

Hand Weapons
 e - a +0 club
 j - a +0 whip of draining (weapon)
Missiles
 b - 72 stones (quivered)
Armour
 a - a +0 robe (worn)
 f - a +0 pair of gloves (worn)
 k - a +0 pair of gloves
 o - a +0 helmet (worn)
Scrolls
 d - 2 scrolls of amnesia {unknown}
 g - a scroll of enchant armour {unknown}
 h - a scroll of blinking {unknown}
 i - 2 scrolls of remove curse {unknown}
 m - a scroll of identify {unknown}
 q - a scroll of magic mapping {unknown}
Potions
 l - a potion of agility {unknown}
 n - a potion of brilliance {unknown}
 p - a potion of curing {unknown}
Comestibles
 c - 3 rations


   Skills:
 - Level 2.4 Dodging
 - Level 2.4 Stealth
 + Level 4.5 Spellcasting
 * Level 4.1 Conjurations
 - Level 3.2 Fire Magic


You had 5 spell levels left.
You knew the following spells:

 Your Spells              Type           Power        Failure   Level  Hunger
a - Flame Tongue          Conj/Fire      ###..        2%          1    None
b - Conjure Flame         Conj/Fire      ###.....     8%          3    ##.....
c - Inner Flame           Hex/Fire       ##......     19%         3    ##.....

Your spell library contained the following spells:

 Spells                   Type           Power        Failure   Level  Hunger
 Fireball                 Conj/Fire      ###.......   58%         5    ######.
 Throw Flame              Conj/Fire      ###...       4%          2    #......
 Sticky Flame             Conj/Fire      ###.....     26%         4    ####...


Dungeon Overview and Level Annotations

Branches:
Dungeon (2/15)

Altars:

Annotations:
D:2 Natasha


Message History

Aim: Natasha The flame tongue hits Natasha.
Natasha is heavily wounded.
Natasha barely misses you.
Casting: Flame Tongue (safe; 2% risk of failure)
Confirm with . or Enter, or press ? or * to list all spells.
Aiming: Flame Tongue (safe; 2% risk of failure)
Press: ? - help, Shift-Dir - straight line, f/p - Natasha
Aim: Natasha (heavily wounded)
The flame tongue misses Natasha.
Natasha claws you.
* * * LOW HITPOINT WARNING * * *
Casting: Flame Tongue (safe; 2% risk of failure)
Confirm with . or Enter, or press ? or * to list all spells.
Aiming: Flame Tongue (safe; 2% risk of failure)
Press: ? - help, Shift-Dir - straight line, f/p - Natasha
Aim: Natasha (heavily wounded)
The flame tongue hits Natasha.
Natasha is almost dead.
Natasha claws you!
You die...

##### ..... ...
... #.# #.#
##.#####...
####@[...?$.#
#...h...####..
#.##.##.# #
#..# .#
#....(.....!
#............
#............
...........h..
...............


You could see Natasha.

Vanquished Creatures
  Jessica (D:2)
  Natasha (D:2)
  2 gnolls (D:1)
  A worm (D:1)
  3 dart slugs
  6 goblins
  A hobgoblin (D:1)
  8 kobolds (D:1)
  A quokka (D:2)
  8 bats (D:1)
  3 frilled lizards (D:1)
  3 rats (D:1)
38 creatures vanquished.

Notes
Turn   | Place    | Note
-------+----------+-------------------------------------------
     0 | D:1      | Lianjan the Deep Elf Fire Elementalist began the quest for the Orb.
     0 | D:1      | Reached XP level 1. HP: 10/10 MP: 6/6
   108 | D:1      | Reached XP level 2. HP: 15/15 MP: 6/8
   433 | D:1      | Reached XP level 3. HP: 8/19 MP: 10/10
   614 | D:1      | Learned a level 3 spell: Conjure Flame
   618 | D:1      | Learned a level 3 spell: Inner Flame
  1319 | D:2      | Noticed Jessica
  1321 | D:2      | Killed Jessica
  1321 | D:2      | Reached XP level 4. HP: 24/24 MP: 9/12
  1323 | D:2      | Noticed Natasha
  1326 | D:2      | Killed Natasha
  1413 | D:2      | Noticed Natasha
  1563 | D:2      | Slain by Natasha

Vault maps used:
D:1:      dpeg_arrival_rooms_b, serial_forest, infiniplex_forest_zigzag_1,
          infiniplex_forest_lined_3, infiniplex_forest_fountain,
          infiniplex_forest_clump_double, infiniplex_forest_clump_diagonal,
          infiniplex_forest_end_2, infiniplex_forest_lined_2, minmay_hexomino_f4
D:2:      bloody_trog, grunt_gozag_statues, uniq_natasha, uniq_jessica

Skill      XL: |  1  2  3  4 |
---------------+-------------+-----
Conjurations   | 2 3 4 |  4.1
Spellcasting   | 4 |  4.5
Dodging        | |  2.4
Stealth        | |  2.4
Fire Magic     | |  3.2

Action                   |  1- 3 |  4- 6 || total
-------------------------+-------+-------++-------
Melee: Unarmed           |     3 |       ||     3
       Club              |    11 |       ||    11
       Whip              |     5 |       ||     5
Throw: Stone             |       |     1 ||     1
 Cast: Flame Tongue      |    46 |    16 ||    62
  Eat: Chunk             |     1 |       ||     1
Armor: Robe              |    10 |       ||    10
Dodge: Dodged            |    50 |     7 ||    57

Table legend:
 A = Spawn XP
 B = Non-spawn XP
 C = Spawn XP percentage of total XP
 D = Spawn monster count
 E = Non-spawn monster count
 F = Spawn count percentage of total count
 G = Total turns spent on level
                    A         B        C        D         E        F      G
               +---------+---------+-------+---------+---------+-------+---------
         Total |       0 |     162 |   0.0 |       0 |      38 |   0.0 |  1563
               +---------+---------+-------+---------+---------+-------+---------
           D:1 |       0 |      82 |   0.0 |       0 |      33 |   0.0 |  1529
           D:2 |       0 |      80 |   0.0 |       0 |       5 |   0.0 |    34
               +---------+---------+-------+---------+---------+-------+---------
